 Dungeon Crawl Stone Soup version 0.31-a0-507-gbafd7f5274 (webtiles) character file.

Game seed: 11907470289324374120

10 Newt the Changeling (level 2, 0/23 HPs)
             Began as a Merfolk Shapeshifter on Aug 9, 2023.
             Slain by a quokka (2 damage)
             ... on level 1 of the Dungeon.
             The game lasted 00:00:30 (448 turns).

Newt the Changeling (Merfolk Shapeshifter)           Turns: 448, Time: 00:00:31

Health: 0/23       AC:  2    Str: 15    XL:     2   Next: 20%
Magic:  2/2        EV: 12    Int:  7    God:
Gold:   17         SH:  0    Dex: 14    Spells: 1/1 levels left

rFire   . .          .
                       - Unarmed
rCold   . . .        (no shield)
rNeg    . . .        a - +0 animal skin
rPois   .            (helmet currently unavailable)
rElec   .            (cloak currently unavailable)
rCorr   .            (gloves currently unavailable)
SInv    .            (boots currently unavailable)
Will    .....        (no amulet)
Stlth   +            (no ring)
HPRegen 0.23/turn    (no ring)
MPRegen 0.08/turn

%: no passive effects
@: beast-form
A: beast (slay +2), (nimble swimmer 2), mertail
a: Begin Untransformation


You were on level 1 of the Dungeon.
You were a hulking beast.
You visited 1 branch of the dungeon, and saw 1 of its levels.

You collected 17 gold pieces.

Inventory:

Armour
 a - a +0 animal skin (worn)
Talismans
 c - a beast talisman (active)
 d - a flux talisman
Scrolls
 f - a scroll of vulnerability {unknown}
Potions
 b - a potion of lignification
 e - a potion of enlightenment {unknown}
 g - a potion of heal wounds {unknown}


   Skills:
 + Level 2.4 Fighting
 - Level 2.6 Dodging
 - Level 3.2 Unarmed Combat
 - Level 4.0 Shapeshifting


You had one spell level left.
You didn't know any spells.
Your spell library was empty.

Dungeon Overview and Level Annotations

Branches:
Dungeon (1/15)

Altars:


Innate Abilities, Weirdness & Mutations

You are a hulking beast.
Your limbs bulge with bestial killing power. (Slay +2)
((You are very nimble when in or above water. (Stealth+, EV+, Speed+++)))
Your lower body shifts to a powerful aquatic tail in water.


Message History

The slug dart hits you.
There are monsters nearby!
You are too injured to fight recklessly!
Unknown command.
The quokka barely misses you. The hobgoblin attacks as you move away!
The hobgoblin barely misses you. The quokka closely misses you.
The bat hits you but does no damage. The quokka closely misses you.
The quokka attacks as you move away! The quokka barely misses you.
The hobgoblin attacks as you move away! The hobgoblin closely misses you.
The hobgoblin attacks as you move away! The hobgoblin hits you.
The bat closely misses you.
You hit the hobgoblin.
You kill the hobgoblin!
The hobgoblin barely misses you. The bat hits you.
* * * LOW HITPOINT WARNING * * *
Unknown command.
The bat closely misses you.
Unknown command.
The bat attacks as you move away! The bat barely misses you.
The hobgoblin attacks as you move away! The hobgoblin barely misses you.
The bat barely misses you. The hobgoblin attacks as you move away!
The hobgoblin barely misses you. The bat barely misses you.
The hobgoblin attacks as you move away! The hobgoblin hits you.
* * * LOW HITPOINT WARNING * * *
The bat attacks as you move away! The bat hits you but does no damage.
The bat completely misses you. The hobgoblin attacks as you move away!
The hobgoblin hits you.
* * * LOW HITPOINT WARNING * * *
Unknown command.
The bat hits you but does no damage.
You see here a scroll labelled LEKOOR SOOB.
The quokka attacks as you move away! The quokka bites you.
* * * LOW HITPOINT WARNING * * *
The quokka twitches its whiskers.
Unknown command.
You closely miss the quokka. The quokka barely misses you.
The quokka bites you.
You die...

...........#.########
##..######...#.......
##.# ##....#####
#.### ##.......#
#...# #.......#
###.## #...w...# #
#..## #...bg..# #
##..####.###r### #
##...##.# #h# #
###.##.# #.#
#########.#..###..
..........)........
.########..#.###.#.#
..#######....# #.#.#
....[.....#..# #.#.#
##...............# .
####.######.####


You could see a dart slug, a quokka, a hobgoblin and a bat.

Vanquished Creatures
  2 endoplasms (D:1)
  2 goblins (D:1)
  2 hobgoblins (D:1)
  2 bats (D:1)
  A frilled lizard (D:1)
9 creatures vanquished.

Notes
Turn   | Place    | Note
-------+----------+-------------------------------------------
     0 | D:1      | Newt the Merfolk Shapeshifter began the quest for the Orb.
     0 | D:1      | Reached XP level 1. HP: 15/15 MP: 1/1
   252 | D:1      | Found a faded altar of an unknown god.
   385 | D:1      | Reached XP level 2. HP: 22/22 MP: 2/2
   448 | D:1      | Slain by a quokka

Illustrated notes

Levels and vault maps discovered:
D:1:      heliophobic_arrival_henge, layout_rooms,
          shapermc_ecumenical_altar_venn, minmay_misc_feat_cross, st_stairs_1,
          minmay_door_square

Skill      XL: |  1 |
---------------+----+-----
Fighting       | 2 |  2.4
Dodging        | |  2.6
Unarmed Combat | |  3.2
Shapeshifting  | |  4.0

Action                     || total
---------------------------++-------
  Melee: Unarmed           ||    25
 Armour: Animal skin       ||     8
  Dodge: Dodged            ||    33

Table legend: (Time is in decaauts)
 A = Elapsed time spent in this place.
 B = Non-inter-level travel time spent in this place.
 C = Inter-level travel time spent in this place.
 D = Time resting spent in this place.
 E = Time spent auto-exploring this place.
 F = Levels seen in this place.
 G = Mean time per level.
                   A        B        C        D        E       F      G
               +--------+--------+--------+--------+--------+-----+--------+
         Total |    446 |    416 |     30 |    151 |    191 |   1 |  446.0 |
       Dungeon |    446 |    416 |     30 |    151 |    191 |   1 |  446.0 |
               +--------+--------+--------+--------+--------+-----+--------+

Top non-repeatable levels by time:
     D:1: 446 daAuts
